Match 47098477
Unlisted

Match 47098477
End
Vickers Machine Gun Team
Construct Section Command Post
Infantry Section
Infantry Section
Construct Platoon Command Post
6-pounder Anti-tank Gun Team
Selects Indian Artillery Battlegroup
Selects War Cry
6-pounder Anti-tank Gun Team
Infantry Training
Royal Engineer Section
Selects Gurkha Rifles Section
Gurkha Rifles Section
Team Weapon Training
JShreddy
Kikastis
오렌지플래닛
jaws2005
WЇЌĭήğ§* ★assasin
Mixrundiy
Gear-IV-G
Ermac
0
0

Comments sign in to comment!

No comments posted yet!